AoeStats
← joosephy

Black Forest

509043540Analyzed
4v4 RM · 7d ago on Sep 25, 2026· 49m 15s· 8 players
Game mode
Random Map
Map size
Large (8 player)
Population
200
Speed
Normal
Resources
Standard
Victory
Conquest
Starting age
Dark Age
Ending age
Imperial Age
RankedLock teamsTeams togetherTeam positionsShared explorationLock speedFull tech treeHidden civsTurbo modeCheats
Victory
Defeat
🇻🇳 Byzantines · Vietnam
1715
+12
🇺🇸 Mongols · United States
1683
+13
🇹🇼 Dravidians · Taiwan
1644
+15
🇫🇮 Turks · Finland
1591
+17
🇨🇳 Britons · China
1759
-19
🇨🇳 Danes · China
1758
-19
🇨🇳 Varangians · China
1575
-12
🇦🇺 Lithuanians · Australia
1401
-7
慕华花繁
11:56 Feudal Age
15:27 Castle Age
13:45 Double-Bit Axe
13:43 Fishing Lines
16:33 Bow Saw
18:01 Horse Collar
20:04 Heavy Plow
22:34 Wheelbarrow
24:07 Hand Cart
23:38 Loom
23:38 Town Watch
24:36 Gillnets
26:08 Gold Mining
26:08 Stone Mining
29:38 Imperial Age
28:06 Gold Shaft Mining
27:21 Stone Mining
27:50 Heavy Plow
27:55 Scale Mail Armor
28:16 Gambesons
28:31 Squires
28:16 Arson
28:54 Chain Mail Armor
28:49 Forging
30:14 Iron Casting
29:30 Fletching
30:49 Plate Mail Armor
29:43 Elite Varangian Guard
29:45 Capped Ram
29:45 Onager
30:47 Conscription
30:13 Pikeman
31:55 Blast Furnace
31:03 Siege Engineers
31:08 Siege Ram
31:08 Siege Onager
31:12 Halberdier
33:01 Stone Shaft Mining
35:09 Northmen's Fury
38:03 Chemistry
42:01 Heavy Scorpion
48:46 Hamask
Noob ai
1:08 Loom
13:18 Feudal Age
17:31 Castle Age
16:23 Fishing Lines
16:31 Double-Bit Axe
17:36 Fishing Lines
21:26 Gold Mining
24:05 Wheelbarrow
25:36 Town Watch
26:03 Bow Saw
25:45 Horse Collar
31:02 Imperial Age
28:32 Gillnets
29:20 Sanctity
29:31 Fletching
30:29 Bodkin Arrow
31:03 Padded Archer Armor
31:29 Redemption
30:53 Elite Skirmisher
31:46 Bracer
32:09 Block Printing
32:32 Thumb Ring
32:43 Leather Archer Armor
32:51 Ballistics
34:09 Chemistry
33:52 Illumination
33:58 Hand Cart
35:16 Ring Archer Armor
36:25 Theocracy
36:20 Conscription
36:57 Tower Shields
37:28 Heavy Plow
38:38 Caravan
42:45 Masonry
42:16 Treadmill Crane
47:10 Coinage
48:38 Two-Man Saw
TS-精锐狐狐
0:54 Loom
11:37 Feudal Age
17:59 Castle Age
16:05 Fletching
17:14 Horse Collar
17:27 Double-Bit Axe
20:07 Bodkin Arrow
30:51 Horse Collar
32:12 Fortified Wall
34:35 Forging
35:17 Ballistics
35:08 Masonry
35:30 Heavy Plow
35:38 Elite Skirmisher
36:34 Padded Archer Armor
38:34 Wheelbarrow
38:58 Leather Archer Armor
38:59 Gold Mining
38:59 Stone Mining
40:58 Yeomen
进化论
5:09 Loom
11:57 Feudal Age
15:46 Castle Age
14:10 Double-Bit Axe
14:07 Horse Collar
16:32 Fishing Lines
17:12 Bow Saw
20:09 Gillnets
26:52 Wheelbarrow
26:21 Heavy Plow
29:07 Imperial Age
27:16 Scale Mail Armor
27:26 Forging
27:19 Gold Mining
28:13 Chain Mail Armor
29:13 Squires
28:59 Arson
29:56 Iron Casting
29:44 Hand Cart
29:10 Elite Varangian Guard
30:24 Plate Mail Armor
31:07 Two-Man Saw
30:55 Gothikon
31:57 Conscription
33:36 Blast Furnace
33:08 Crop Rotation
35:37 Caravan
41:33 Fletching
42:07 Ballistics
42:48 Chemistry
42:47 Elite Skirmisher
43:36 Bodkin Arrow
43:43 Padded Archer Armor
45:06 Bracer
45:22 Leather Archer Armor
49:20 Coinage
Lastmantillidie
11:03 Feudal Age
12:10 Double-Bit Axe
14:39 Castle Age
12:34 Fishing Lines
15:41 Bow Saw
18:12 Horse Collar
18:57 Gillnets
20:58 Fervor
21:51 Wheelbarrow
22:40 Stone Mining
23:16 Gold Mining
23:55 Hand Cart
27:31 Imperial Age
24:47 Loom
25:53 Gold Shaft Mining
25:29 Fletching
26:04 Padded Archer Armor
26:09 Bodkin Arrow
26:37 Ballistics
26:54 Stone Shaft Mining
27:33 Thumb Ring
28:01 Leather Archer Armor
28:35 Conscription
28:27 Bracer
29:29 Chemistry
29:22 Drill
28:48 Capped Ram
30:17 Coinage
29:50 Caravan
30:33 Siege Ram
32:24 Parthian Tactics
32:24 Elite Mangudai
38:49 Hoardings
39:42 Heavy Scorpion
42:16 Siege Engineers
42:23 Masonry
42:08 Murder Holes
joosephy
1:17 Loom
9:47 Feudal Age
10:25 Man-at-Arms
13:10 Double-Bit Axe
13:57 Fletching
19:18 Wheelbarrow
22:08 Castle Age
20:36 Gold Mining
20:36 Stone Mining
21:45 Padded Archer Armor
22:46 Bodkin Arrow
23:35 Elite Skirmisher
26:27 Town Watch
28:59 Bow Saw
33:58 Imperial Age
31:49 Fishing Lines
33:50 Ballistics
35:54 Chemistry
35:40 Conscription
35:02 Horse Collar
37:11 Bracer
37:26 Leather Archer Armor
37:35 Thumb Ring
39:28 Arrowslits
39:56 Masonry
40:52 Heavy Plow
41:51 Hand Cart
43:19 Elite Elephant Archer
45:01 Medical Corps
49:20 Ring Archer Armor
Kaarlos
9:58 Loom
12:16 Feudal Age
15:46 Castle Age
13:53 Double-Bit Axe
13:57 Fishing Lines
21:44 Gillnets
28:00 Imperial Age
25:44 Bow Saw
25:50 Fletching
26:54 Horse Collar
27:20 Bodkin Arrow
27:26 Padded Archer Armor
28:34 Bloodlines
28:24 Husbandry
28:44 Bracer
29:00 Leather Archer Armor
29:54 Parthian Tactics
30:59 Ring Archer Armor
31:16 Wheelbarrow
30:27 Town Watch
30:44 Heavy Plow
31:22 Coinage
31:02 Guilds
31:23 Conscription
31:46 Artillery
32:04 Masonry
31:35 Treadmill Crane
32:47 Ballistics
32:49 Heavy Cavalry Archer
34:32 Devotion
35:00 Scale Barding Armor
35:06 Forging
35:53 Architecture
35:47 Thumb Ring
36:42 Sipahi
37:51 Chain Barding Armor
38:07 Iron Casting
38:16 Coinage
45:42 Murder Holes
47:21 Two-Man Saw
48:13 Plate Barding Armor
Ngoam_____
2:24 Loom
15:28 Feudal Age
19:43 Castle Age
18:09 Double-Bit Axe
18:56 Horse Collar
22:33 Bow Saw
22:53 Fletching
24:07 Bodkin Arrow
28:19 Fishing Lines
28:53 Heavy Plow
30:10 Wheelbarrow
29:47 Gillnets
32:43 Imperial Age
30:44 Scale Mail Armor
30:55 Forging
31:27 Hand Cart
31:55 Chain Mail Armor
31:03 Pikeman
31:55 Squires
31:40 Gambesons
32:19 Ballistics
31:40 Treadmill Crane
34:02 Iron Casting
33:00 Halberdier
33:52 Caravan
33:57 Stone Mining
33:57 Gold Mining
35:10 Two-Man Saw
34:40 Crop Rotation
35:20 Plate Mail Armor
34:46 Man-at-Arms
34:54 Elite Varangian Guard
35:39 Arson
36:47 Capped Ram
40:43 Chemistry
39:44 Bracer
40:47 Conscription
41:03 Hoardings
43:05 Redemption
44:12 Block Printing
46:27 Sanctity
46:07 Atonement
48:18 Fervor
48:09 Devotion
Connection lost

Rejoining the realm…

Still unreachable

The connection could not be restored.

Session expired

The server has moved on; the page needs a fresh start.